[Event "Team 45 45 League T59"]
[Site "Internet Chess Club"]
[Date "2013.12.26"]
[Round "5"]
[White "quickmissile"]
[Black "ghostfire"]
[Result "0-1"]
[WhiteElo "1626"]
[BlackElo "1702"]
[Opening "Ruy Lopez: exchange variation, 5.O-O"]
[ECO "C68"]
[Time "21:00:18"]
[TimeControl "2700+45"]

1. e4 e5 2. Nf3 Nc6 3. Bb5 a6 4. Bxc6 dxc6 5. O-O Bg4 6. h3 Bh5 7. g4 Bg6 8.
Nxe5 Qh4 9. Nxg6 hxg6 10. Qf3 Qxh3 11. Qxh3 Rxh3 12. Kg2 Rh4 13. Kg3 g5 14. d3
Bd6+ 15. f4 Nh6 16. e5 Rxg4+ 17. Kf3 Be7 18. f5 f6 19. e6 Rd8 20. Nc3 Rh4 21.
Ke2 Rh2+ 22. Kd1 Rd4 23. Be3 Rg4 24. Ne4 Nxf5 25. Bg1 Rh1 26. Ke2 Rg2+ 27. Kf3
Nh4+ 28. Ke3 c5 29. Nf2 Nf5+ 30. Kf3 Rg3+ 31. Ke4 Rh4+ 32. Kxf5 Rf3+ 33. Kg6
Rff4 34. Ne4 Rh6+ 35. Kxg7 Bf8+ 36. Kg8 Rg6+ 37. Kh7 Rg7+ 38. Kh6 Rh4# {White
checkmated} 0-1

[Event "Team 45 45 League T59"]
[Site "Internet Chess Club"]
[Date "2013.12.18"]
[Round "5"]
[White "Ayensa80"]
[Black "BuddyT"]
[Result "1/2-1/2"]
[WhiteElo "1808"]
[BlackElo "1885"]
[Opening "French: Steinitz, Boleslavsky variation"]
[ECO "C11"]
[Time "12:00:17"]
[TimeControl "2700+45"]

1. e4 e6 2. d4 d5 3. Nc3 Nf6 4. e5 Nfd7 5. f4 c5 6. Nf3 Nc6 7. Be3 Be7 8. Be2
O-O 9. Qd2 b6 10. O-O f5 11. exf6 Nxf6 12. Kh1 Qc7 13. Bb5 Bd7 14. Rae1 Rae8 15.
Bxc6 Bxc6 16. Ne5 Bb7 17. Bg1 Ne4 18. Nxe4 dxe4 19. c3 Bh4 20. Bf2 Bf6 21. Be3
Ba6 22. Rg1 Bxe5 23. fxe5 Rf5 24. dxc5 bxc5 25. Qd6 Qxd6 26. exd6 Rd8 27. b3 Bd3
28. g4 Rd5 29. c4 R5xd6 30. Bxc5 R6d7 {Game drawn by mutual agreement} 1/2-1/2

[Event "Team 45 45 League T59"]
[Site "Internet Chess Club"]
[Date "2013.12.21"]
[Round "5"]
[White "tsia68"]
[Black "Stiltzkin"]
[Result "1/2-1/2"]
[WhiteElo "1778"]
[BlackElo "1645"]
[Opening "Benko's opening"]
[ECO "A00"]
[Time "08:26:18"]
[TimeControl "2700+45"]

1. g3 d5 2. Bg2 e5 3. d3 Nf6 4. Nf3 Bd6 5. O-O O-O 6. Nbd2 Re8 7. e4 c6 8. b3 a5
9. a3 Nbd7 10. Bb2 b6 11. Re1 Bb7 12. exd5 cxd5 13. c4 e4 14. dxe4 dxe4 15. Ng5
Be5 16. Bxe5 Nxe5 17. Ngxe4 Nxe4 18. Nxe4 a4 19. Qc2 Qd3 20. Qxd3 Nxd3 21. Re3
Bxe4 22. Bxe4 Rxe4 23. Rxe4 Nc5 24. Re3 axb3 25. Rb1 Kf8 26. Rbxb3 Nxb3 27. Rxb3
Ke7 28. Kg2 Ra6 29. Kf3 Kd6 30. Ke4 Kc5 31. Kd3 Ra4 32. Rc3 f6 {Game drawn by
mutual agreement} 1/2-1/2